 Dungeon Crawl Stone Soup version 0.27-a0-1502-g47ed6a6988 (webtiles) character file.

Game seed: 10205493146172573128

971 garrulousMonolith the Slasher (level 7, 0/55 HPs)
             Began as a Demonspawn Gladiator on July 8, 2021.
             Slain by Eustachio (6 damage)
             ... on level 5 of the Dungeon.
             The game lasted 00:05:00 (4579 turns).

garrulousMonolith the Slasher (DsGl)                Turns: 4579, Time: 00:05:01

Health: 0/55       AC:  9    Str: 15    XL:     7   Next: 94%
Magic:  7/7        EV: 12    Int: 10    God:
Gold:   96         SH:  0    Dex: 15    Spells: 5/6 levels left

rFire    . . .     SeeInvis .   v - +0 scimitar
rCold    . . .     Faith    .   (no shield)
rNeg     . . .     Spirit   .   q - +0 ring mail
rPois    .         Reflect  .   c - +0 helmet
rElec    .         Harm     .   (no cloak)
rCorr    .         Rampage  .   (no gloves)
Will     .....                  k - +0 pair of boots
Stlth    +.........             (no amulet)
HPRegen  0.18/turn              (no ring)
MPRegen  0.20/turn              (no ring)

@: mighty, flying
A: yellow scales 1, foul stench 1, magic regeneration
a: no special abilities


You were on level 5 of the Dungeon.
You visited 1 branch of the dungeon, and saw 5 of its levels.

You collected 96 gold pieces.

Inventory:

Hand Weapons
 a - a +1 long sword
 v - a +0 scimitar (weapon)
Missiles
 d - 3 throwing nets
 f - 6 curare-tipped darts (quivered)
Armour
 c - a +0 helmet (worn)
 k - a +0 pair of boots (worn)
 q - a +0 ring mail (worn)
Jewellery
 u - an amulet of faith
Scrolls
 b - a scroll of vulnerability {unknown}
 e - a scroll of enchant weapon
 g - a scroll of immolation {unknown}
 h - a scroll of amnesia {unknown}
 i - a scroll of blinking {unknown}
 j - a scroll of noise {unknown}
 n - 2 scrolls of teleportation
 o - 2 scrolls of acquirement {unknown}
 x - a scroll of summoning {unknown}
 y - a scroll of magic mapping {unknown}
Potions
 l - 2 potions of berserk rage
 m - a potion of might
 p - a potion of lignification {unknown}
 r - 3 potions of invisibility
 t - a potion of degeneration {unknown}
 w - a potion of ambrosia {unknown}


   Skills:
 + Level 4.8 Fighting
 * Level 6.4 Long Blades
 - Level 2.0 Throwing
 + Level 4.9 Dodging


You had 5 spell levels left.
You knew the following spells:

 Your Spells              Type           Power      Damage    Failure   Level
a - Apportation           Tloc           0%         N/A       58%         1

Your spell library contained the following spells:

 Spells                   Type           Power      Damage    Failure   Level
 Animate Skeleton         Necr           0%         N/A       58%         1
 Corona                   Hex            0%         N/A       58%         1
 Foxfire                  Conj/Fire      0%         2x1d4     58%         1
 Summon Small Mammal      Summ           0%         N/A       58%         1
 Conjure Flame            Conj/Fire      0%         6-21      92%         3
 Gell's Gravitas          Tloc           0%         N/A       92%         3
 Inner Flame              Hex/Fire       0%         N/A       92%         3
 Lesser Beckoning         Tloc           0%         N/A       92%         3
 Teleport Other           Tloc           0%         N/A       92%         3


Dungeon Overview and Level Annotations

Branches:
Dungeon (5/15)
 Temple: D:4-7

Altars:
Ashenzari
Cheibriados
Elyvilon
Nemelex Xobeh
Okawaru
Uskayaw

Annotations:
D:3 2 runed translucent doors, unlimited1921's ghost, weakling GrIE
D:5 Eustachio


Innate Abilities, Weirdness & Mutations

You are partially covered in yellow scales. (AC +2)
You may rarely emit foul miasma when damaged in melee.
You regenerate magic rapidly.


Message History

You feel very mighty all of a sudden. The quasit closely misses you.
The quasit claws you but does no damage.
The quasit barely misses you.
The quokka bites you but does no damage.
The quasit bites you but does no damage.
The quasit barely misses you. x2
You miss the quasit.
The quasit closely misses you. x3; The quasit misses you.
The quasit claws you but does no damage.
The quasit barely misses you.
The quokka bites you but does no damage.
Eustachio gestures wildly while chanting.
You slash the quokka!
You kill the quokka!
The quokka's corpse disappears in a puff of smoke!
The quasit bites you but does no damage.
The quasit misses you. x3; You riposte.
You miss the quasit.
The quasit claws you but does no damage.
The quasit misses you. The quasit closely misses you.
The quasit claws you but does no damage.
The quasit barely misses you. The quasit misses you.
You riposte.
You closely miss the quasit. The quasit closely misses you. x2
You slash Eustachio!
Eustachio is severely wounded.
The quasit closely misses you. The quasit misses you. The quasit claws you.
* * * LOW HITPOINT WARNING * * *
The quasit barely misses you. x2
The quasit claws you but does no damage.
Eustachio hits you with a +3 rapier of electrocution!
* * * LOW HITPOINT WARNING * * *
Okay, then.
It was a potion of flight.
You feel very buoyant.
You fly up into the air.
The quasit bites you but does no damage.
The quasit barely misses you. The quasit closely misses you.
The quasit bites you but does no damage.
The quasit barely misses you. x2
Eustachio hits you with a +3 rapier of electrocution.
You die...

#........# ###..###.#
.....# #.# ###..# #.#
...#### .....# #.#
......# ##...###'######
@.....# .#...##.......#
.5...#
.#...##......r#####
.....#
<#.#>##......rb@@5##
....#
##†#####'########55##§§.#
...# #.# ##..)..#
########.# #######
.........# ##########


You could see Eustachio, an iron imp (summoned), 2 quasits, 2 river rats and a
bat (summoned).

Vanquished Creatures
  Pikel (D:5)
  An ogre (D:5)
  A lemure (D:5)
  A phantom (D:4)
  A scorpion (D:2)
  A hound (D:4)
  A jelly (D:4)
  An orc priest (D:4)
  An orc wizard (D:4)
  A hound skeleton (D:4)
  3 gnolls (D:3)
  4 adders
  A howler monkey skeleton (D:4)
  A worm (D:4)
  A dart slug (D:1)
  6 orcs
  7 ball pythons
  A bat (D:2)
  8 endoplasms
  A giant cockroach (D:1)
  9 goblins
  8 hobgoblins
  17 jackals
  4 kobolds
  2 quokkas
  6 frilled lizards
  2 rats
91 creatures vanquished.

Vanquished Creatures (others)
  A fungus (D:1)
1 creature vanquished.

Grand Total: 92 creatures vanquished

Notes
Turn   | Place    | Note
-------+----------+-------------------------------------------
     0 | D:1      | garrulousMonolith the Demonspawn Gladiator began the quest
                  | for the Orb.
     0 | D:1      | Reached XP level 1. HP: 16/16 MP: 1/1
    38 | D:1      | Gained mutation: You may rarely emit foul miasma when
                  | damaged in melee. [demonic ancestry]
    38 | D:1      | Reached XP level 2. HP: 18/22 MP: 2/2
    45 | D:1      | Reached skill level 3 in Long Blades
   274 | D:1      | Reached XP level 3. HP: 16/28 MP: 3/3
   823 | D:1      | Found a faded altar of an unknown god.
  1272 | D:2      | Found a broken altar of Ashenzari.
  1346 | D:2      | Noticed a scorpion
  1356 | D:2      | Killed a scorpion
  1357 | D:2      | Reached XP level 4. HP: 26/34 MP: 4/4
  1508 | D:2      | Learned a level 1 spell: Apportation
  1663 | D:2      | Reached skill level 4 in Long Blades
  2006 | D:3      | Found a large runed translucent door.
  2007 | D:3      | Found a large runed translucent door.
  2010 | D:3      | Noticed unlimited1921's ghost (weakling GrIE)
  2100 | D:3      | Gained mutation: You are partially covered in yellow
                  | scales. (AC +2) [demonic ancestry]
  2100 | D:3      | Reached XP level 5. HP: 20/41 MP: 5/5
  2670 | D:3      | Found a sparkling altar of Nemelex Xobeh.
  2685 | D:3      | Found an iron altar of Okawaru.
  3224 | D:4      | Noticed a phantom
  3256 | D:4      | Killed a phantom
  3257 | D:4      | Gained mutation: You regenerate magic rapidly. [demonic
                  | ancestry]
  3257 | D:4      | Reached XP level 6. HP: 34/47 MP: 6/6
  3353 | D:4      | Reached skill level 5 in Long Blades
  3886 | D:4      | Found a hide-covered altar of Uskayaw.
  4046 | D:4      | Found a snail-covered altar of Cheibriados.
  4312 | D:5      | Entered Level 5 of the Dungeon
  4351 | D:5      | Reached XP level 7. HP: 34/54 MP: 7/7
  4538 | D:5      | Noticed Pikel
  4539 | D:5      | Noticed Eustachio
  4556 | D:5      | Killed Pikel
  4557 | D:5      | Reached skill level 6 in Long Blades
  4579 | D:5      | Slain by Eustachio

Illustrated notes

Levels and vault maps discovered:
D:1:      dpeg_arrival_houses_and_road, layout_rooms,
          shapermc_ecumenical_altar_mp_ritualfount
D:2:      layout_basic, basic_altar
D:3:      layout_basic, lemuel_doored_altar,
          mainiacjoe_overflow_small_starburst, old_standard_altar,
          ebering_ghost_disaster_area
D:4:      layout_loops_ring, cheibrodos_worm_habitat,
          mainiacjoe_overflow_alcove_2, minmay_vboxes
D:5:      kennysheep_spiral_hall, layout_basic, xom_butterflies,
          vehumet_crystals, uniq_grinder, uniq_prince_ribbit1, uniq_eustachio,
          uniq_pikel

Skill      XL: |  1  2  3  4  5  6  7 |
---------------+----------------------+-----
Long Blades    | 3 4 5 6 |  6.4
Throwing       | 2 |  2.0
Dodging        | 3 4 |  4.9
Fighting       | 3 4 |  4.8

Action                   |  1- 3 |  4- 6 |  7- 9 || total
-------------------------+-------+-------+-------++-------
Melee: Long sword        |    78 |    75 |       ||   153
       Scimitar          |       |    95 |    30 ||   125
Throw: Dart              |     1 |     5 |       ||     6
  Use: Scroll            |       |     5 |       ||     5
       Potion            |       |       |     2 ||     2
 Stab: Sleeping          |     1 |       |       ||     1
Armor: Leather armour    |    20 |     2 |       ||    22
       Ring mail         |       |    52 |    28 ||    80
Dodge: Dodged            |    62 |   123 |    59 ||   244
       Rpst.: Long sword |    22 |    15 |       ||    37
       Scimitar          |       |    26 |    10 ||    36

Table legend: (Time is in decaauts)
 A = Elapsed time spent in this place.
 B = Non-inter-level travel time spent in this place.
 C = Inter-level travel time spent in this place.
 D = Time resting spent in this place.
 E = Time spent auto-exploring this place.
 F = Levels seen in this place.
 G = Mean time per level.
                   A        B        C        D        E       F      G
               +--------+--------+--------+--------+--------+-----+--------+
         Total |   4641 |   4558 |     83 |    882 |   2960 |   5 |  928.2 |
       Dungeon |   4641 |   4558 |     83 |    882 |   2960 |   5 |  928.2 |
               +--------+--------+--------+--------+--------+-----+--------+

Top non-repeatable levels by time:
     D:4: 1404 daAuts
     D:3: 1185 daAuts
     D:2: 923 daAuts
     D:1: 857 daAuts
     D:5: 270 daAuts
